 Dungeon Crawl Stone Soup version 0.21-a0-522-ga8338f0 (webtiles) character file.

168 DogShitOnMyToe the Changer (level 5, -3/44 HPs)
             Began as a Naga Transmuter on Dec 7, 2017.
             Slain by an orc priest
             ... wielding a +0 whip
              (9 damage)
             ... on level 3 of the Dungeon.
             The game lasted 00:05:45 (4462 turns).

DogShitOnMyToe the Changer (Naga Transmuter)        Turns: 4462, Time: 00:05:46

Health: -3/44      AC:  2    Str: 12      XL:     5   Next: 48%
Magic:  3/8        EV: 10    Int: 13 (15) God:
Gold:   204        SH:  0    Dex: 11      Spells: 2/8 levels left

rFire    . . .     SeeInvis +     - Unarmed
rCold    . . .     Gourm    .   (no shield)
rNeg     . . .     Faith    .   b - +0 robe
rPois    +         Spirit   .   (no helmet)
rElec    .         Reflect  .   (no cloak)
rCorr    .         Harm     .   (no gloves)
MR       .....                  (no barding)
Stlth    +.........             (no amulet)
HPRegen  0.14/turn              (no ring)
MPRegen  0.11/turn              (no ring)

@: appendage (expiring), very slightly contaminated, hasted, quick
A: large, horns 2, see invisible, deformed body, poison resistance, slowness 2,
slow metabolism 1, spit poison 1, AC +1
a: Spit Poison, End Transformation


You were on level 3 of the Dungeon.
You were not hungry.
You had grown temporary horns.
You visited 1 branch of the dungeon, and saw 3 of its levels.

You collected 204 gold pieces.

Inventory:

Hand Weapons
 h - a +0 dagger of protection
Missiles
 z - 69 arrows
Armour
 b - a +0 robe (worn)
 s - a +0 pair of gloves
 t - a scarf of repulsion
Jewellery
 k - an uncursed ring of protection from fire {unknown}
Scrolls
 a - 5 scrolls of identify {unknown}
 c - a scroll of remove curse {unknown}
 j - a scroll of fog {unknown}
 o - 2 scrolls of teleportation {unknown}
 q - 2 scrolls of enchant armour {unknown}
 r - a scroll of fear {unknown}
Potions
 e - a potion of resistance {unknown}
 f - a potion of magic {unknown}
 g - a potion of flight
 l - 3 potions of degeneration
Books
 A - a book of Changes

   Spells                             Type                      Level
   a - Beastly Appendage              Transmutation                1
   b - Sticks to Snakes               Transmutation                2
   c - Spider Form                    Transmutation/Poison         3
   d - Ice Form                       Ice/Transmutation            4
   e - Blade Hands                    Transmutation                5
Comestibles
 d - 3 bread rations
 i - a meat ration
 p - a royal jelly


   Skills:
 - Level 1.0 Fighting
 - Level 1.5 Dodging
 - Level 3.0 Unarmed Combat
 - Level 2.0 Spellcasting
 + Level 5.5 Transmutations


You had 2 spell levels left.
You knew the following spells:

 Your Spells              Type           Power        Failure   Level  Hunger
a - Beastly Appendage     Tmut           ###...       2%          1    ##.....
b - Sticks to Snakes      Tmut           ###.....     4%          2    ###....
c - Spider Form           Tmut/Pois      #.........   24%         3    ####...


Dungeon Overview and Level Annotations

Branches:
Dungeon (3/15)

Altars:

Annotations:
D:3 1 runed door


Innate Abilities, Weirdness & Mutations

You cannot wear boots.
Your serpentine skin is tough. (AC +1)
You have supernaturally acute eyesight. (SInv)
Armour fits poorly on your strangely shaped body.
Your system is resistant to poisons. (rPois)
You cover ground very slowly.
You have a slow metabolism.
You can spit poison.
You have a pair of horns on your head.


Message History

You hit the orc.
The orc is severely wounded.
The orc closely misses you.
You closely miss the orc. You headbutt the orc.
You kill the orc!
You hit the orc priest.
The orc priest is lightly wounded.
Your transformation is almost over.
The orc priest hits you with a whip.
* * * LOW HITPOINT WARNING * * *
You closely miss the orc priest.
The orc priest is lightly wounded.
The orc priest calls down the wrath of Beogh upon you.
Beogh smites you!
* * * LOW HITPOINT WARNING * * *
You feel better. The orc priest hits you with a whip.
* * * LOW HITPOINT WARNING * * *
It was a potion of haste.
You feel yourself speed up. The orc priest hits you with a whip!
You die...

###.###.....# #.#.......#
#.# ###.### #.#...#...S.
###.# #.# #.#...#...#S
.##.# #.# ####.#.........
.##.#####.#
#..........####
.#........# #.#####.####
..........# #)#####.####
.#...#########.##.......#
.##### #....o@.##.##.# .#
#.##.#####.##.# ##
#.##...o....#.###...
#.....o##...........
#......##...#####.#.
#......###.####
##............#
#........†...#
###.##.......#


You could see an orc priest.

Vanquished Creatures
  A worker ant (D:3)
  4 gnolls (D:3)
  An adder (D:3)
  3 oozes
  3 worms
  A dart slug (D:1)
  A leopard gecko (D:2)
  7 orcs (D:3)
  2 giant cockroaches (D:1)
  11 goblins
  4 hobgoblins
  4 jackals (D:3)
  2 quokkas
  9 bats
  2 frilled lizards
  5 kobolds
  9 rats
69 creatures vanquished.

Notes
Turn   | Place    | Note
-------+----------+-------------------------------------------
     0 | D:1      | DogShitOnMyToe the Naga Transmuter began the quest for the Orb.
     0 | D:1      | Reached XP level 1. HP: 18/18 MP: 3/3
   295 | D:1      | HP: 8/18 [goblin/club (5)]
   296 | D:1      | Reached XP level 2. HP: 11/25 MP: 3/5
   505 | D:1      | HP: 12/25 [goblin (2)]
   510 | D:1      | HP: 5/25 [goblin (2)]
   511 | D:1      | Reached skill level 3 in Transmutations
  1062 | D:1      | HP: 12/25 [ooze (5)]
  1063 | D:1      | Reached XP level 3. HP: 15/31 MP: 4/6
  2363 | D:2      | HP: 14/31 [leopard gecko (4)]
  2593 | D:2      | Reached skill level 4 in Transmutations
  3226 | D:3      | Reached XP level 4. HP: 33/38 MP: 5/7
  3334 | D:3      | HP: 19/38 [orc/hand axe (2)]
  3501 | D:3      | Learned a level 2 spell: Sticks to Snakes
  3505 | D:3      | Learned a level 3 spell: Spider Form
  3683 | D:3      | HP: 19/38 [jackal (2)]
  3689 | D:3      | HP: 16/38 [jackal (1)]
  3837 | D:3      | Found a runed door.
  3932 | D:3      | HP: 19/38 [gnoll/whip (8)]
  3936 | D:3      | HP: 4/38 [gnoll/whip (10)]
  3944 | D:3      | HP: 6/38 [gnoll/whip (7)]
  3955 | D:3      | Reached skill level 5 in Transmutations
  3956 | D:3      | HP: 6/38 [gnoll/stone (1)]
  3959 | D:3      | Reached XP level 5. HP: 7/44 MP: 5/8
  4048 | D:3      | HP: 17/44 [adder (3)]
  4450 | D:3      | HP: 22/44 [orc/club (1)]
  4459 | D:3      | HP: 17/44 [orc priest/whip (2)]
  4460 | D:3      | HP: 5/44 [orc priest/divine providence (12)]
  4462 | D:3      | Slain by an orc priest

Vault maps used:
D:1:      dpeg_arrival_signposts, minmay_bisected
D:2:      st_stairs_14, kennysheep_generic_room_9
D:3:      columned_hall_lemuel, uniq_crazy_yiuf_cottage

Skill      XL: |  1  2  3  4 |
---------------+-------------+-----
Transmutations | 3 4 5 |  5.5
Fighting       | |  1.0
Dodging        | |  1.5
Unarmed Combat | |  3.0
Spellcasting   | |  2.0

Action                   |  1- 3 |  4- 6 || total
-------------------------+-------+-------++-------
Melee: Unarmed           |   153 |   128 ||   281
       Headbutt          |    10 |     9 ||    19
 Cast: Beastly Appendage |    21 |    12 ||    33
       Spider Form       |       |     2 ||     2
 Abil: Spit Poison       |     3 |     4 ||     7
  Use: Potion            |       |     5 ||     5
  Eat: Chunk             |     6 |     4 ||    10
Armor: Robe              |    45 |    25 ||    70
       Skin              |       |     1 ||     1
Dodge: Dodged            |    92 |    92 ||   184

Table legend:
 A = Spawn XP
 B = Non-spawn XP
 C = Spawn XP percentage of total XP
 D = Spawn monster count
 E = Non-spawn monster count
 F = Spawn count percentage of total count
 G = Total turns spent on level
                    A         B        C        D         E        F      G
               +---------+---------+-------+---------+---------+-------+---------
         Total |       0 |     240 |   0.0 |       0 |      69 |   0.0 |  4462
               +---------+---------+-------+---------+---------+-------+---------
           D:1 |       0 |      54 |   0.0 |       0 |      27 |   0.0 |  1985
           D:2 |       0 |      24 |   0.0 |       0 |      11 |   0.0 |  1217
           D:3 |       0 |     162 |   0.0 |       0 |      31 |   0.0 |  1260
               +---------+---------+-------+---------+---------+-------+---------
